 Dungeon Crawl Stone Soup version 0.23-a0-319-gb40ba49 (webtiles) character file.

61 Amnesiac the Digger (level 3, 19/28 HPs)
             Began as a Deep Dwarf Earth Elementalist on Oct 14, 2018.
             Quit the game on level 4 of the Dungeon.
             The game lasted 00:01:53 (538 turns).

Amnesiac the Digger (Deep Dwarf Earth Elementalist)  Turns: 538, Time: 00:01:54

Health: 19/28      AC:  2    Str: 11    XL:     3   Next: 83%
Magic:  1/5        EV: 12    Int: 16    God:
Gold:   29         SH:  0    Dex: 13    Spells: 3/6 levels left

rFire    . . .     SeeInvis .   h - +0 flail
rCold    . . .     Gourm    .   (no shield)
rNeg     . . .     Faith    .   c - +0 robe
rPois    .         Spirit   .   (no helmet)
rElec    .         Reflect  .   (no cloak)
rCorr    .         Harm     .   (no gloves)
MR       .....                  (no boots)
Stlth    ++........             (no amulet)
HPRegen  0.00/turn              (no ring)
MPRegen  0.09/turn              (no ring)

@: mildly poisoned (19 -> 19), non-regenerating
A: damage resistance, heal wounds, sense surroundings 1, no regeneration
a: Heal Wounds


You were on level 4 of the Dungeon.
You were not hungry.

You visited 1 branch of the dungeon, and saw 4 of its levels.

You collected 29 gold pieces.

Inventory:

Hand Weapons
 f - a +0 whip
 h - a +0 flail (weapon)
Missiles
 b - 5 stones (quivered)
Armour
 c - a +0 robe (worn)
Potions
 e - 3 potions of resistance {!q, unknown}
 g - a potion of flight {!q, unknown}
Comestibles
 a - 3 chunks of flesh
 d - 2 rations


   Skills:
 - Level 2.1 Dodging
 - Level 2.4 Stealth
 + Level 2.4 Spellcasting
 - Level 1.1 Transmutations
 * Level 5.6 Earth Magic


You had 3 spell levels left.
You knew the following spells:

 Your Spells              Type           Power        Failure   Level  Hunger
a - Sandblast             Erth           ###...       1%          1    #......
b - Passwall              Tmut/Erth      ##......     8%          2    ###....

Your spell library contained the following spells:

 Spells                   Type           Power        Failure   Level  Hunger
 Stone Arrow              Conj/Erth      ##....       19%         3    ###....
 Petrify                  Tmut/Erth      ##......     43%         4    #####..
 Lee's Rapid Deconstruct  Erth           ###.......   50%         5    ######.


Dungeon Overview and Level Annotations

Branches:
Dungeon (4/15)
 Temple: D:4-7

Altars:

Annotations:
D:4 1 transporter


Innate Abilities, Weirdness & Mutations

You are resistant to damage.
You can heal yourself by infusing magical energy.
You passively map a small area around you.
You do not regenerate.


Message History

The worker ant bites you but does no damage.
Unknown command.
Casting: Sandblast (safe; 2% risk of failure)
Confirm with . or Enter, or press ? or * to list all spells.
Aiming: Sandblast (safe; 2% risk of failure)
Press: ? - help, Shift-Dir - straight line, f/p - worker ant
Aim: a worker ant (severely wounded)
The blast of sand hits the worker ant.
The worker ant is severely wounded.
b - 7 stones The worker ant bites you.
* * * LOW HITPOINT WARNING * * *
The worker ant bites you.
* * * LOW HITPOINT WARNING * * *
Casting: Sandblast (safe; 2% risk of failure)
Confirm with . or Enter, or press ? or * to list all spells.
Aiming: Sandblast (safe; 2% risk of failure)
Press: ? - help, Shift-Dir - straight line, f/p - worker ant
Aim: a worker ant (severely wounded)
The blast of sand hits the worker ant.
The worker ant is almost dead.
b - 6 stones The worker ant bites you but does no damage.
Casting: Sandblast (safe; 2% risk of failure)
Confirm with . or Enter, or press ? or * to list all spells.
You don't have enough magic to cast that spell.
Casting: Sandblast (safe; 2% risk of failure)
Confirm with . or Enter, or press ? or * to list all spells.
Aiming: Sandblast (safe; 2% risk of failure)
Press: ? - help, Shift-Dir - straight line, f/p - worker ant
Aim: a worker ant (almost dead)
The blast of sand hits the worker ant.
The worker ant is almost dead.
b - 5 stones The worker ant bites you.
* * * LOW HITPOINT WARNING * * *
The worker ant bites you.
* * * LOW HITPOINT WARNING * * *
You are poisoned.
The worker ant poisons you!
Unknown command.
Okay, then.
Okay, then.
You fail to use your ability.
The worker ant closely misses you.
Some of the chunks of flesh in your inventory have rotted away.
You fail to use your ability.
The worker ant completely misses you.
Your magical essence is drained by the effort!
You feel much better. The worker ant bites you.
You closely miss the worker ant.
The worker ant is almost dead.
The worker ant bites you. x2
You are more poisoned.
The worker ant poisons you!
You hit the worker ant but do no damage.
The worker ant is almost dead.
The worker ant barely misses you. x2
You hit the worker ant.
You kill the worker ant!
Training target 1.0 for Transmutations reached!
Your Transmutations skill increases to level 1!
You see here a worker ant corpse.
You butcher the worker ant corpse.
a - 3 chunks of flesh (gained 1) Are you sure you want to abandon this character and quit the game? (Confirm

, .. # ##* #.##
##.. * , , ..
... ..... , * *
.###.##..... * *
* * ..#....# .#
* *
###.#..####... ,
,#...##......©.
,* , * ,
#.#<....######**
*, *
#....@.[#8P$©$ *
#####...#P..=. ,
### ,.#
#......####+#
..#.<.###
#.###..#5≈... ,
, ...# ..# #.#
#..#.≈... #...#
#.# #.#
#..#.≈PP≈
......#.# ###.#
#..#.≈P⌠≈
#.....#.# #...#
..#.≈≈≈ .#...#.#
#.### ..#.≈..


You could see a shadow imp.

Vanquished Creatures
  2 worker ants (D:4)
  2 worms (D:3)
  An orc (D:3)
  A goblin (D:1)
  2 bats (D:2)
  A leopard gecko skeleton (D:4)
  3 rats
12 creatures vanquished.

Notes
Turn   | Place    | Note
-------+----------+-------------------------------------------
     0 | D:1      | Amnesiac the Deep Dwarf Earth Elementalist began the quest
                  | for the Orb.
     0 | D:1      | Reached XP level 1. HP: 15/15 MP: 3/3
   290 | D:3      | Reached XP level 2. HP: 22/22 MP: 0/5
   393 | D:3      | Learned a level 2 spell: Passwall
   452 | D:4      | Reached skill level 5 in Earth Magic
   452 | D:4      | Reached XP level 3. HP: 11/28 MP: 1/6
   511 | D:4      | Found a transporter.
   528 | D:4      | HP: 1/28 [worker ant (4)]
   534 | D:4      | Reached skill level 1 in Transmutations
   538 | D:4      | Quit the game

Vault maps used:
D:1:      lightli_arrival_flooded_house
D:2:      minmay_goblin_outpost
D:3:      gammafunk_temple_overflow_elements, grunt_decor_mini_mirrors,
          uniq_crazy_yiuf_cottage
D:4:      gammafunk_wand_slinger, first_ration

Skill      XL: |  1  2  3 |
---------------+----------+-----
Spellcasting   | 2 |  2.4
Earth Magic    | 5 |  5.6
Transmutations | 1 |  1.1
Dodging        | |  2.1
Stealth        | |  2.4

Action                   || total
-------------------------++-------
Melee: Unarmed           ||    27
       Whip              ||     3
       Flail             ||     7
 Cast: Sandblast         ||    25
 Abil: Heal Wounds       ||     1
 Stab: Sleeping          ||     2
Armor: Robe              ||    18
Dodge: Dodged            ||    45

Table legend:
 A = Non-vault XP
 B = Vault XP
 C = Vault XP percentage of total XP
 D = Non-vault monster count
 E = Vault monster count
 F = Vault count percentage of total count
                 A         B        C        D         E       F
            +---------+---------+-------+---------+---------+-------
      Total |      88 |       0 |   0.0 |      12 |       0 |   0.0
            +---------+---------+-------+---------+---------+-------
        D:1 |       3 |       0 |   0.0 |       2 |       0 |   0.0
        D:2 |       3 |       0 |   0.0 |       3 |       0 |   0.0
        D:3 |      14 |       0 |   0.0 |       4 |       0 |   0.0
        D:4 |      68 |       0 |   0.0 |       3 |       0 |   0.0
            +---------+---------+-------+---------+---------+-------
